AoeStats
← Cigainero2010

Arabia

510855055Analyzed
1v1 RM · 1d ago on Oct 2, 2026· 36m 26s· 2 players
Game mode
Random Map
Map size
Tiny (2 player)
Population
200
Speed
Normal
Resources
Standard
Victory
Conquest
Starting age
Dark Age
Ending age
Imperial Age
RankedLock teamsTeams togetherTeam positionsShared explorationLock speedFull tech treeHidden civsTurbo modeCheats
Victory
Defeat
🇮🇳 Khmer · India
1024
+15
🇺🇸 Bengalis · United States
1000
-45
Cigainero2010
20:11 Feudal Age
21:48 Double-Bit Axe
22:58 Wheelbarrow
22:47 Horse Collar
24:45 Gold Mining
27:16 Town Watch
36:48 Castle Age
34:59 Stone Mining
Zero Wins Gamer
8:57 Loom
12:05 Feudal Age
15:27 Castle Age
13:42 Double-Bit Axe
14:15 Horse Collar
14:29 Gold Mining
18:03 Wheelbarrow
17:59 Bow Saw
18:12 Heavy Plow
25:23 Stone Mining
26:12 Gold Shaft Mining
27:52 Stone Shaft Mining
27:46 Hand Cart
31:40 Imperial Age
31:48 Heavy Scorpion
32:51 Conscription
33:53 Double Crossbow
34:29 Ballistics
35:10 Chemistry
34:23 Siege Engineers
34:14 Capped Ram
Connection lost

Rejoining the realm…

Still unreachable

The connection could not be restored.

Session expired

The server has moved on; the page needs a fresh start.